 Dungeon Crawl Stone Soup version 0.24-a0-513-g284f782df5 (webtiles) character file.

Game seed: 9953475167810273621

28 myga the Magician (level 3, -5/19 HPs)
             Began as a Tengu Wizard on July 20, 2019.
             Slain by a worm (12 damage)
             ... on level 2 of the Dungeon.
             The game lasted 00:05:43 (1056 turns).

myga the Magician (Tengu Wizard)                    Turns: 1056, Time: 00:05:43

Health: -5/19      AC:  5    Str:  7    XL:     3   Next: 12%
Magic:  1/8        EV: 12    Int: 18    God:
Gold:   76         SH:  0    Dex: 13    Spells: 1/8 levels left

rFire    . . .     SeeInvis .   e - +0 dagger
rCold    . . .     Gourm    .   (no shield)
rNeg     . . .     Faith    .   a - +0 robe
rPois    .         Spirit   .   b - +0 hat
rElec    .         Reflect  .   p - +2 cloak
rCorr    .         Harm     .   (no gloves)
MR       .....     Rnd*Tele +   (boots unavailable)
Stlth    +++.......             (no amulet)
HPRegen  0.06/turn              o - ring of teleportation (curse)
MPRegen  0.11/turn              l - ring of stealth

@: very slightly contaminated
A: beak, talons 3
a: no special abilities


You were on level 2 of the Dungeon.
You were hungry.

You visited 1 branch of the dungeon, and saw 2 of its levels.

You collected 76 gold pieces.

Inventory:

Hand Weapons
 c - a +0 short sword
 e - a +0 dagger (weapon)
Missiles
 f - 13 poisoned darts
 j - 5 stones (quivered)
 n - 7 datura-tipped darts
Armour
 a - a +0 robe (worn)
 b - a +0 hat (worn)
 p - a +2 cloak (worn)
Jewellery
 i - an uncursed ring of magical power
 l - a ring of stealth (right hand)
 o - a cursed ring of teleportation (left hand)
Scrolls
 g - a scroll of blinking
 k - a scroll of immolation
Potions
 m - a potion of degeneration
 q - a potion of heal wounds
Comestibles
 d - a ration
 h - a chunk of flesh


   Skills:
 + Level 1.2 Short Blades
 + Level 2.2 Dodging
 + Level 2.0 Stealth
 + Level 3.4 Spellcasting
 + Level 2.0 Conjurations
 + Level 1.5 Summonings
 + Level 0.7 Translocations


You had one spell level left.
You knew the following spells:

 Your Spells              Type           Power        Failure   Level  Hunger
a - Magic Dart            Conj           ##..         7%          1    None
b - Call Imp              Summ           #.......     13%         2    ##.....
c - Blink                 Tloc           N/A          17%         2    ##.....
d - Slow                  Hex            #.......     24%         2    ##.....

Your spell library contained the following spells:

 Spells                   Type           Power        Failure   Level  Hunger
 Conjure Flame            Conj/Fire      #.......     30%         3    ###....
 Mephitic Cloud           Conj/Pois/Air  #.......     34%         3    ###....


Dungeon Overview and Level Annotations

Branches:
Dungeon (2/15)

Altars:


Innate Abilities, Weirdness & Mutations

You have a beak for a mouth.
You have claws for feet.


Message History

Casting: Call Imp (safe; 13% risk of failure)
Confirm with . or Enter, or press ? or * to list all spells.
Aiming: Magic Dart (safe; 7% risk of failure)
Press: ? - help, Shift-Dir - straight line, f/p - worm
Aim: a worm (lightly wounded)
The magic dart hits the worm.
The worm is moderately wounded.
Your crimson imp blinks!
You hit the worm but do no damage. You peck the worm, but do no damage.
The worm is moderately wounded.
The worm closely misses you.
You hit the worm. You claw the worm, but do no damage.
The worm is moderately wounded.
You hit the worm but do no damage.
The worm is moderately wounded.
The worm bites you!
Ouch! That really hurt!
The worm bites you!
Ouch! That really hurt!
You die...

#..#... ##.#...#
....5.# .(..#
#..###
#...#######
##......>..
##w#.######
#..@.....#
#...###.###.#
#..# #.###.##
.... ..##...#
#.#. #####...# .
. #...# ###### .#
#รท..# .
.....#### #
#...#####..
<......##.#
#######..........


You could see a worm.

Vanquished Creatures
  An adder (D:2)
  A bat (D:1)
  2 giant cockroaches (D:1)
  A goblin (D:1)
  A hobgoblin (D:1)
  A ball python (D:1)
  3 kobolds (D:1)
  4 rats (D:1)
14 creatures vanquished.

Vanquished Creatures (collateral kills)
  2 dart slugs
  A giant cockroach (D:1)
  2 hobgoblins (D:1)
  A jackal (D:1)
  A ball python (D:1)
  A kobold (D:1)
8 creatures vanquished.

Grand Total: 22 creatures vanquished

Notes
Turn   | Place    | Note
-------+----------+-------------------------------------------
     0 | D:1      | myga the Tengu Wizard began the quest for the Orb.
     0 | D:1      | Reached XP level 1. HP: 10/10 MP: 5/5
     1 | D:1      | Noticed a minotaur zombie
   184 | D:1      | Reached XP level 2. HP: 8/15 MP: 4/7
   199 | D:1      | Learned a level 2 spell: Call Imp
   202 | D:1      | Learned a level 2 spell: Blink
   205 | D:1      | Learned a level 2 spell: Slow
  1024 | D:2      | Reached skill level 1 in Short Blades
  1024 | D:2      | Reached XP level 3. HP: 19/19 MP: 1/8
  1056 | D:2      | Slain by a worm

Levels and vault maps discovered:
D:1:      shiori_arrival_whats_in_store_for_you, layout_basic, st_stairs_8,
          serial_bayou_ford_a, minmay_split_cup_small
D:2:      layout_loops_cross, marbit_many_paths, fiery_altar_vehumet

Skill      XL: |  1  2 |
---------------+-------+-----
Conjurations   | 2 |  2.0
Short Blades   | 1 |  1.2
Dodging        | |  2.2
Stealth        | |  2.0
Spellcasting   | |  3.4
Summonings     | |  1.5
Translocations | |  0.7

Action                   || total
-------------------------++-------
Melee: Dagger            ||    26
       Short sword       ||     7
       Peck              ||     6
       Kick              ||     4
Throw: Stone             ||     1
 Cast: Magic Dart        ||    20
       Call Imp          ||    11
  Use: Scroll            ||     5
Armor: Robe              ||     7
Dodge: Dodged            ||    25

Table legend:
 A = Non-vault XP
 B = Vault XP
 C = Vault XP percentage of total XP
 D = Non-vault monster count
 E = Vault monster count
 F = Vault count percentage of total count
                 A         B        C        D         E       F
            +---------+---------+-------+---------+---------+-------
      Total |      33 |       7 |  17.5 |      17 |       5 |  22.7
            +---------+---------+-------+---------+---------+-------
        D:1 |      21 |       7 |  25.0 |      15 |       5 |  25.0
        D:2 |      12 |       0 |   0.0 |       2 |       0 |   0.0
            +---------+---------+-------+---------+---------+-------
